 Dungeon Crawl Stone Soup version 0.18.1-5-g4a78601 (webtiles) character file.

50 Charly the Grave Robber (level 3, -1/28 HPs)
             Began as a Naga Necromancer on May 11, 2016.
             Slain by an orc wizard
             ... wielding a +0 dagger
              (3 damage)
             ... on level 3 of the Dungeon.
             The game lasted 00:05:52 (200 turns).

Charly the Grave Robber (Naga Necromancer)           Turns: 200, Time: 00:05:53

Health: -1/28      AC:  3    Str: 10    XL:     3   Next: 79%
Magic:  1/6        EV: 10    Int: 16    God:
Gold:   61         SH:  0    Dex: 11    Spells: 1 memorised, 5 levels left

rFire  . . .     SeeInvis +       - Unarmed
rCold  . . .     Gourm    .     a - +0 robe
rNeg   . . .     Faith    .     (no shield)
rPois  +         Spirit   .     d - +0 helmet
rElec  .         Dismiss  .     (no cloak)
rCorr  .         Reflect  .     (no gloves)
SustAt .         Harm     .     (no barding)
MR     .....                    (no amulet)
Stlth  ++........               (no ring)
                                (no ring)

@: very slow, not resistant to hostile enchantments, unstealthy
A: see invisible, deformed body, poison resistance, slowness 2, slow metabolism
1, spit poison 2, AC +1
a: Spit Poison


You were on level 3 of the Dungeon.
You were not hungry.

You visited 1 branch of the dungeon, and saw 3 of its levels.

You collected 61 gold pieces.

Inventory:

Armour
 a - a +0 robe (worn)
 d - a +0 helmet (worn)
Scrolls
 e - a scroll of identify {unknown}
 g - a scroll of random uselessness {unknown}
Potions
 h - a potion of degeneration {unknown}
Books
 b - a book of Necromancy

   Spells                             Type                      Level
   a - Pain                           Necromancy                   1
   b - Animate Skeleton               Necromancy                   1
   c - Vampiric Draining              Necromancy                   3
   d - Regeneration                   Charms/Necromancy            3
   e - Animate Dead                   Necromancy                   4
   f - Control Undead                 Necromancy                   4
Comestibles
 c - a bread ration
 f - a meat ration


   Skills:
 - Level 1.5 Dodging
 - Level 3.0 Stealth
 + Level 3.2 Unarmed Combat
 - Level 2.0 Spellcasting
 - Level 4.0 Necromancy


You had 5 spell levels left.
You knew the following spells:

 Your Spells              Type           Power        Failure   Level  Hunger
p - Pain                  Necr           ##..         4%          1    #......


Dungeon Overview and Level Annotations

Branches:
Dungeon (3/15)

Altars:
Qazlal


Innate Abilities, Weirdness & Mutations

You cannot wear boots.
Your serpentine skin is tough (AC +1).
You have supernaturally acute eyesight.
Armour fits poorly on your strangely shaped body.
Your system is resistant to poisons.
You cover ground very slowly.
You have a slow metabolism.
You can spit poison.


Message History

* * * LOW HITPOINT WARNING * * *
The orc throws a tomahawk.
The tomahawk misses the orc wizard.
The tomahawk barely misses you.
The orc wizard hits you but does no damage.
Unknown command.
Casting: Pain
Confirm with . or Enter, or press ? or * to list all spells.
Aiming: Pain
Press: ? - help, Shift-Dir - straight line, f/p - orc wizard
Aim: an orc wizard, wielding a dagger and wearing a robe (fast, slightly transparent, chance to defeat MR: 72%)
The orc wizard struggles to resist.
The orc wizard completely misses you.
Casting: Pain
Confirm with . or Enter, or press ? or * to list all spells.
Aiming: Pain
Press: ? - help, Shift-Dir - straight line, f/p - orc wizard
Aim: an orc wizard, wielding a dagger and wearing a robe (fast, slightly transparent, chance to defeat MR: 72%)
The orc wizard struggles to resist.
You have got your breath back.
The orc wizard hits you with a dagger.
You die...

...... ......###
..o..o..#
#######.####
#(.........#
#....#(###.#
#.####.#o..# #
#......o...#
#.######@#######
........(...$...
########....####
#......#.##
#.####.#.#
#.#<...#.#
#.######.#
#........#
##########


You could see an orc wizard (invisible) and an orc.

Vanquished Creatures
  An orc wizard (D:3)
  3 worms
  3 bats
  A giant cockroach (D:1)
  2 hobgoblins
  A kobold (D:2)
  A giant newt (D:1)
12 creatures vanquished.

Notes
Turn   | Place    | Note
--------------------------------------------------------------
     0 | D:1      | Charly the Naga Necromancer began the quest for the Orb.
     0 | D:1      | Reached XP level 1. HP: 15/15 MP: 3/3
     7 | D:1      | Reached skill level 1 in Unarmed Combat
    64 | D:2      | Found a stormy altar of Qazlal.
    69 | D:1      | You fall through a shaft!
    91 | D:2      | Reached XP level 2. HP: 18/22 MP: 0/5
   193 | D:3      | Reached XP level 3. HP: 15/28 MP: 3/6
   200 | D:3      | Slain by an orc wizard

Skill      XL: |  1  2 |
---------------+-------+-----
Unarmed Combat | 1 3 |  3.2
Dodging        | |  1.5
Stealth        | |  3.0
Spellcasting   | |  2.0
Necromancy     | |  4.0

Action                   || total
-------------------------++-------
Melee: Unarmed           ||     1
 Cast: Pain              ||    16
 Abil: Spit Poison       ||    15
  Eat: Pizza             ||     1
Armor: Robe              ||     1
Dodge: Dodged            ||     3
